 Dungeon Crawl Stone Soup version 0.29-a0-819-g94b489e0ae (webtiles) character file.

Game seed: 15827544638811157352

3466 Zeld the Cleaver (level 9, 0/82 HPs)
             Began as a Minotaur Berserker on July 7, 2022.
             Was an Elder of Trog.
             Killed from afar by an electric eel (9 damage)
             ... with a bolt of electricity
             ... on level 8 of the Dungeon.
             The game lasted 00:10:55 (10699 turns).

Zeld the Cleaver (Minotaur Berserker)              Turns: 10699, Time: 00:10:56

Health: 0/82       AC: 14    Str: 26    XL:     9   Next: 78%
Magic:  8/8        EV:  9    Int:  4    God:    Trog [****..]
Gold:   337        SH:  0    Dex: 10    Spells: 8/8 levels left

rFire   . . .      SeeInvis .   a - +2 war axe (freeze)
rCold   . . .      Faith    .   (no shield)
rNeg    . . .      Spirit   .   b - +0 plate armour
rPois   .          Reflect  .   (helmet restricted)
rElec   .          Harm     .   (no cloak)
rCorr   .          Rampage  .   (no gloves)
Will    .....                   w - +0 pair of boots
Stlth   ..........              (no amulet)
HPRegen 0.23/turn               J - ring of flight
MPRegen 0.11/turn               (no ring)

@: flying, studying Ranged Weapons
A: horns 2, retaliatory headbutt
a: Renounce Religion, Berserk, Trog's Hand, Brothers in Arms


You were on level 8 of the Dungeon.
You worshipped Trog.
Trog was greatly pleased with you.
You visited 2 branches of the dungeon, and saw 9 of its levels.

You collected 337 gold pieces.

Inventory:

Hand Weapons
 a - a +2 war axe of freezing (weapon)
Missiles
 d - a throwing net
 g - a curare-tipped dart
 j - 3 boomerangs of dispersal
 q - 5 boomerangs
 z - 4 poisoned darts
Armour
 b - a +0 plate armour (worn)
 w - a +0 pair of boots (worn)
Jewellery
 J - a ring of flight (left hand)
Wands
 B - a wand of quicksilver (6)
 F - a wand of polymorph (8)
 G - a wand of mindburst (33)
 H - a wand of roots (8)
Scrolls
 c - 3 scrolls of teleportation
 e - 3 scrolls of magic mapping
 h - 3 scrolls of poison
 l - 3 scrolls of brand weapon
 m - a scroll of acquirement {unknown}
 t - a scroll of torment {unknown}
 v - 3 scrolls of enchant weapon {unknown}
 A - a scroll of enchant armour {unknown}
 C - a scroll of blinking {unknown}
 D - a scroll of fog {unknown}
Potions
 f - 2 potions of cancellation {unknown}
 i - a potion of brilliance {unknown}
 k - 2 potions of degeneration {unknown}
 n - 2 potions of curing {unknown}
 o - 2 potions of mutation {unknown}
 p - a potion of heal wounds {unknown}
 r - 4 potions of attraction {unknown}
 s - 2 potions of haste {unknown}
 u - 3 potions of lignification {unknown}
 x - a potion of flight {unknown}
 E - 2 potions of magic {unknown}
 I - 3 potions of might


   Skills:
 + Level 8.3 Fighting
 * Level 11.2 Axes
 + Level 7.9 Armour
 + Level 7.2 Dodging


You had 8 spell levels left.
You didn't know any spells.
Your spell library was empty.

Dungeon Overview and Level Annotations

Branches:
Dungeon (8/15)             Temple (1/1) D:4
   Lair: D:8-11

Altars:
Dithmenos
Elyvilon
Fedhas
Kikubaaqudgha
Makhleb
Nemelex Xobeh
Okawaru
Sif Muna
Trog
Uskayaw
Vehumet
Wu Jian
Yredelemnul
Zin
The Shining One


Innate Abilities, Weirdness & Mutations

You have a pair of horns on your head.
You reflexively headbutt those who attack you in melee.


Message History

The electric eel shoots out a bolt of lightning at you!
The bolt of electricity hits you!
You slash the electric eel! You freeze the electric eel.
You headbutt the electric eel.
You kill the electric eel!
Trog accepts your kill.
You hear a splash.
You see here an electric eel corpse.
You start resting.
HP restored.
You start waiting.
Done waiting.
An electric eel comes into view.
The electric eel shoots out a bolt of lightning at you!
The bolt of electricity hits you! 2 electric eels come into view.
The electric eel shoots out a bolt of lightning at you!
The bolt of electricity hits you.
The electric eel shoots out a bolt of lightning at you!
The bolt of electricity hits you.
An electric eel comes into view.
You see here an electric eel skeleton.
You start resting.
An electric eel is nearby!
The electric eel shoots out a bolt of lightning at you!
The bolt of electricity hits you! x2
The electric eel shoots out a bolt of lightning at you!
The bolt of electricity hits the electric eel.
The electric eel completely resists.
The bolt of electricity hits you. x2
The electric eel shoots out a bolt of lightning at you!
The bolt of electricity hits you!
* * * LOW HITPOINT WARNING * * *
The bolt of electricity hits you!
* * * LOW HITPOINT WARNING * * *
The bolt of electricity hits the electric eel.
The electric eel completely resists.
You see here an electric eel skeleton.
The electric eel shoots out a bolt of lightning at you!
The bolt of electricity hits you!
You die...

.≈≈≈≈≈.## ≈
#≈≈≈#≈≈.## ≈#
##.###≈≈≈# #≈#
#...#...≈# #####.#
.........###....#
....(....#.'....#
.........'.'....#
.........###....##
#...#....#
#####@##
##.###.≈## ##÷#
#≈≈≈#.≈≈# #SS##
.≈≈≈≈≈≈## #≈S≈#
≈≈.≈#.## #≈≈≈#
≈.#..## #≈≈≈#
P##.## ≈S≈≈≈≈≈≈≈#
.# ## ≈S≈≈≈≈≈≈≈#
..# S.#≈≈≈≈≈≈#


You could see 2 electric eels.

Vanquished Creatures
  A wyvern (D:8)
  A steam dragon (D:8)
  2 water moccasins (D:7)
  2 orc warriors
  2 black bears
  4 ogres
  3 phantoms
  2 kobold brigands (D:8)
  A bullfrog (D:8)
  2 necrophages
  2 scorpions
  6 wights
  6 killer bees (D:7)
  A howler monkey (D:8)
  4 electric eels (D:8)
  2 hounds
  A gnoll bouda (D:7)
  2 orc priests (D:8)
  5 orc wizards
  3 iguanas
  20 gnolls
  13 adders
  2 shadow imps (D:7)
  3 white imps
  An ufetubus (D:5)
  5 dart slugs
  33 orcs
  3 ball pythons
  11 endoplasms
  7 giant cockroaches
  13 goblins
  10 hobgoblins
  A jackal (D:1)
  6 quokkas
  7 bats
  4 frilled lizards
  7 kobolds
  8 rats
206 creatures vanquished.

Notes
Turn   | Place    | Note
-------+----------+-------------------------------------------
     0 | D:1      | Zeld the Minotaur Berserker began the quest for the Orb.
     0 | D:1      | Reached XP level 1. HP: 19/19 MP: 0/0
   139 | D:1      | Reached XP level 2. HP: 16/27 MP: 1/1
   140 | D:1      | Reached skill level 4 in Axes
   602 | D:1      | Found a faded altar of an unknown god.
   877 | D:1      | Reached XP level 3. HP: 25/33 MP: 2/2
  1071 | D:2      | Found a glowing silver altar of Zin.
  1104 | D:2      | Reached ** piety under Trog
  1561 | D:2      | Reached XP level 4. HP: 23/40 MP: 3/3
  2184 | D:3      | Reached skill level 5 in Axes
  2788 | D:3      | Reached XP level 5. HP: 44/47 MP: 4/4
  3279 | D:3      | Found the +1 Delatra's gloves {ID++}
  3657 | D:4      | Reached XP level 6. HP: 49/55 MP: 5/5
  3911 | D:4      | Reached skill level 6 in Axes
  3920 | D:4      | Reached *** piety under Trog
  3923 | D:4      | Identified the +4 flail of Inquiry {protect, rElec rC-
                  | Will++}
  3937 | D:4      | Reached skill level 5 in Fighting
  4188 | D:4      | Found a bloodstained altar of Trog.
  4443 | D:4      | Found a staircase to the Ecumenical Temple.
  4682 | D:5      | Entered Level 5 of the Dungeon
  4732 | Temple   | Entered the Ecumenical Temple
  4732 | Temple   | Found a transporter.
  4732 | Temple   | Found a transporter.
  4734 | Temple   | Found a transporter.
  4734 | Temple   | Found a transporter.
  4865 | D:5      | Reached XP level 7. HP: 47/61 MP: 6/6
  4948 | D:5      | Reached skill level 7 in Axes
  5533 | D:5      | Reached skill level 5 in Armour
  5872 | D:6      | Reached skill level 5 in Dodging
  5872 | D:6      | Reached XP level 8. HP: 67/70 MP: 7/7
  5913 | D:6      | Reached skill level 8 in Axes
  7312 | D:6      | Found a glowing golden altar of the Shining One.
  7929 | D:7      | Reached skill level 9 in Axes
  8059 | D:7      | Reached **** piety under Trog
  8365 | D:7      | Reached XP level 9. HP: 69/79 MP: 8/8
  8812 | D:7      | Reached skill level 10 in Axes
  9664 | D:8      | Found a white marble altar of Elyvilon.
  9982 | D:8      | Reached skill level 11 in Axes
 10699 | D:8      | Killed from afar by an electric eel

Illustrated notes

Levels and vault maps discovered:
D:1:      scummos_arrival_checkerplants, layout_loops_cross,
          dreamdust_ecumenical_altar_angels_and_demons, minmay_hexomino_c4
D:2:      cheibrodos_helix_gallery, layout_rooms, basic_altar
D:3:      layout_loops_ring, pf_guarded_unrand_delatra
D:4:      layout_rooms, trog_butcher_becter, minmay_temple_entry_from_below_b,
          minmay_manual_monstrance
D:5:      layout_loops_ring
D:6:      layout_basic, tso_oasis_becter
D:7:      layout_gridville
D:8:      wad_lake_hut, layout_basic, chequers_temple_overflow_minitemple,
          elyvilon_altar_1, special_room [special_room_orc],
          kennysheep_generic_room_5
Temple:   hellmonk_temple_divided_pantheon

Skill      XL: |  1  2  3  4  5  6  7  8  9 |
---------------+----------------------------+-----
Axes           | 4 5 6 7 9 11 | 11.2
Fighting       | 4 5 6 7 8 |  8.3
Armour         | 3 4 5 6 7 |  7.9
Dodging        | 3 4 5 6 7 |  7.2

Action                   |  1- 3 |  4- 6 |  7- 9 || total
-------------------------+-------+-------+-------++-------
Melee: Hand axe          |    74 |   119 |       ||   193
       Headbutt          |     6 |    21 |    41 ||    68
       Punch             |     1 |       |     5 ||     6
       Flail             |       |    35 |   119 ||   154
       War axe           |       |       |    95 ||    95
Invok: Berserk           |       |     1 |     5 ||     6
  Use: Scroll            |       |       |     6 ||     6
Armor: Animal skin       |    24 |     5 |       ||    29
       Robe              |       |    20 |    34 ||    54
       Plate armour      |       |       |    37 ||    37
Dodge: Dodged            |    52 |    85 |   147 ||   284

Table legend: (Time is in decaauts)
 A = Elapsed time spent in this place.
 B = Non-inter-level travel time spent in this place.
 C = Inter-level travel time spent in this place.
 D = Time resting spent in this place.
 E = Time spent auto-exploring this place.
 F = Levels seen in this place.
 G = Mean time per level.
                   A        B        C        D        E       F      G
               +--------+--------+--------+--------+--------+-----+--------+
         Total |  10784 |  10513 |    271 |   2900 |   6229 |   9 | 1198.2 |
       Dungeon |  10742 |  10478 |    264 |   2900 |   6223 |   8 | 1342.8 |
        Temple |     42 |     35 |      7 |      0 |      6 |   1 |   42.0 |
               +--------+--------+--------+--------+--------+-----+--------+

Top non-repeatable levels by time:
     D:6: 2019 daAuts
     D:7: 1823 daAuts
     D:3: 1542 daAuts
     D:8: 1256 daAuts
     D:4: 1129 daAuts
     D:1: 1065 daAuts
     D:2: 987 daAuts
     D:5: 917 daAuts
  Temple: 42 daAuts
